 Dungeon Crawl Stone Soup version 0.23.1 (webtiles) character file.

Game seed: 0

23494 Gargoyl the Protected (level 12, -7/100 HPs)
             Began as a Centaur Abyssal Knight on Mar 7, 2019.
             Was an Elder of Lugonu.
             Mangled by a black mamba (14 damage)
             ... on level 5 of the Lair of Beasts on Mar 8, 2019.
             The game lasted 00:29:42 (23649 turns).

Gargoyl the Protected (Centaur Abyssal Knight)     Turns: 23649, Time: 00:29:43

Health: -7/100     AC: 25    Str: 18 (20) XL:     12   Next: 72%
Magic:  19/19      EV:  4    Int:  9      God:    Lugonu [****..]
Gold:   419        SH:  9    Dex: 10 (13) Spells: 11/11 levels left

rFire    . . .     SeeInvis +   z - +3 broad axe (chop)
rCold    + + .     Gourm    .   i - +0 shield
rNeg     + . .     Faith    .   o - +0 chain mail of Altruism {rElec rN+ MR+ Str+4} (curse)
rPois    +         Spirit   .   j - +2 helmet
rElec    +         Reflect  .   h - +2 cloak {rPois}
rCorr    .         Harm     .   (no gloves)
MR       +....                  G - +2 centaur barding {Fly}
Stlth    ..........             D - amulet of magic regeneration
HPRegen  0.26/turn              u - ring of protection from cold
MPRegen  0.41/turn              C - ring of protection from cold

@: lethally poisoned (-7 -> -9), flying, slowed
A: large, hooves 3, camouflage 1, see invisible, deformed body, deterioration 1,
dopey 1, speed 2, tough skin 3
a: Depart the Abyss, Bend Space, Banish, Corrupt, Renounce Religion, Stop Flying


You were on level 5 of the Lair of Beasts.
You worshipped Lugonu.
Lugonu was greatly pleased with you.
You were near starving.

You visited 2 branches of the dungeon, and saw 14 of its levels.
You visited the Abyss 1 time.
You also visited: Sewer and Ossuary.

You collected 961 gold pieces.
You spent 542 gold pieces at shops.

Inventory:

Hand Weapons
 a - a +3 hand axe of venom
 y - a +2 war axe of freezing
 z - a +3 broad axe of chopping (weapon)
Missiles
 f - 34 tomahawks (quivered)
Armour
 h - a +2 cloak of poison resistance (worn)
 i - a +0 shield (worn)
 j - a +2 helmet (worn)
 o - the cursed +0 chain mail of Altruism (worn) {rElec rN+ MR+ Str+4}
   (You found it on level 6 of the Dungeon)

   It affects your strength (+4).
   It insulates you from electricity.
   It protects you from negative energy.
   It affects your resistance to hostile enchantments.
   It has a curse placed upon it.
 G - a +2 centaur barding of flying (worn)
Jewellery
 l - an uncursed ring of flight
 u - a ring of protection from cold (left hand)
 C - a ring of protection from cold (right hand)
 D - an amulet of magic regeneration (around neck)
 H - a cursed -2 ring of protection {unknown}
Wands
 e - a wand of digging (17)
 q - a wand of random effects (11)
 w - a wand of enslavement (7)
 A - a wand of disintegration (13)
 B - a wand of iceblast (11)
 F - a wand of acid (13)
Scrolls
 b - a scroll of amnesia
 d - 10 scrolls of teleportation
 g - 8 scrolls of remove curse
 n - 6 scrolls of magic mapping
 p - 3 scrolls of identify
 r - 5 scrolls of blinking
 E - a scroll of silence
Potions
 k - 8 potions of curing
 m - 4 potions of haste
 s - 2 potions of brilliance
 t - 2 potions of flight
 v - 2 potions of cancellation
 x - a potion of magic
Comestibles
 c - 17 rations


   Skills:
 + Level 7.1 Fighting
 + Level 9.0 Axes
 + Level 2.4 Throwing
 * Level 9.6 Armour
 * Level 6.6 Dodging
 + Level 4.6 Shields
 * Level 9.5 Invocations


You had 11 spell levels left.
You didn't know any spells.
Your spell library contained the following spells:

 Spells                   Type           Power        Failure   Level  Hunger
 Animate Skeleton         Necr           N/A          100%        1    ##.....
 Beastly Appendage        Tmut           #.....       100%        1    ##.....
 Corona                   Hex            #......      100%        1    ##.....
 Infusion                 Chrm           #...         100%        1    ##.....
 Pain                     Necr           #...         100%        1    ##.....
 Summon Small Mammal      Summ           #...         100%        1    ##.....
 Call Imp                 Summ           #.......     100%        2    ###....
 Corpse Rot               Necr           N/A          100%        2    ###....
 Shroud of Golubria       Chrm/Tloc      #.........   100%        2    ###....
 Slow                     Hex            #.......     100%        2    ###....
 Song of Slaying          Chrm           #.......     100%        2    ###....
 Sticks to Snakes         Tmut           #.......     100%        2    ###....
 Sublimation of Blood     Necr           #.........   100%        2    ###....
 Call Canine Familiar     Summ           #.......     100%        3    ####...
 Inner Flame              Hex/Fire       #.......     100%        3    ####...
 Portal Projectile        Hex/Tloc       #.....       100%        3    ####...
 Regeneration             Chrm/Necr      #.........   100%        3    ####...
 Spectral Weapon          Hex/Chrm       #.......     100%        3    ####...
 Spider Form              Tmut/Pois      #.........   100%        3    ####...
 Summon Guardian Golem    Hex/Summ       #.......     100%        3    ####...
 Vampiric Draining        Necr           #.........   100%        3    ####...
 Animate Dead             Necr           N/A          100%        4    #####..
 Cause Fear               Hex            #.........   100%        4    #####..
 Ice Form                 Ice/Tmut       #.......     100%        4    #####..
 Leda's Liquefaction      Hex/Erth       #.........   100%        4    #####..
 Summon Ice Beast         Ice/Summ       #.......     100%        4    #####..
 Summon Lightning Spire   Summ/Air       #.......     100%        4    #####..
 Agony                    Necr           #.......     100%        5    ######.
 Blade Hands              Tmut           #.........   100%        5    ######.
 Bolt of Draining         Conj/Necr      #.........   100%        5    ######.
 Dispel Undead            Necr           #.......     100%        5    ######.
 Excruciating Wounds      Chrm/Necr      #.........   100%        5    ######.
 Metabolic Englaciation   Hex/Ice        #.........   100%        5    ######.
 Silence                  Hex/Air        #.........   100%        5    ######.
 Bolt of Cold             Conj/Ice       #.........   100%        6    #######
 Conjure Ball Lightning   Conj/Air       #.........   100%        6    #######
 Deflect Missiles         Chrm/Air       #.........   100%        6    #######
 Freezing Cloud           Conj/Ice/Air   #.........   100%        6    #######
 Ozocubu's Refrigeration  Ice            #.........   100%        6    #######
 Simulacrum               Ice/Necr       #.........   100%        6    #######
 Tornado                  Air            #.........   100%        9    #######


Dungeon Overview and Level Annotations

Branches:
Dungeon (9/15)             Temple (0/1) D:6            Lair (5/6) D:9
  Swamp (0/4) Lair:2        Snake (0/4) Lair:4
  Slime: Lair:5-6       Orc: D:9-12

Altars:
Ashenzari
Okawaru
Qazlal
Trog
Zin

Shops:
D:9 *

Annotations:
Lair:1 exclusion: oklob plant


Innate Abilities, Weirdness & Mutations

You have hooves in place of feet.
Armour fits poorly on your strangely shaped body.
You cover ground very quickly.
You have extremely tough skin. (AC +3)
Your skin changes colour to match your surroundings (Stealth+).
You have supernaturally acute eyesight. (SInv)
Your body sometimes deteriorates upon taking damage.
You are dopey. (Int -2)


Message History

The black mamba barely misses you. The torpor snail barely misses you.
The spiny frog stings you. The black mamba bites you.
The black mamba bites you but does no damage.
The torpor snail bites you.
You barely miss the spiny frog.
You kick the spiny frog, but do no damage.
The spiny frog is almost dead.
You closely miss the black mamba. You hit the torpor snail.
You closely miss the black mamba.
You feel sick. The black mamba bites you.
* * * LOW HITPOINT WARNING * * *
You block the black mamba's attack. The spiny frog stings you.
* * * LOW HITPOINT WARNING * * *
The dream sheep ruffles its wool and motes of dream dust sparkle, to no effect.
You block the black mamba's attack. The black mamba bites you!
* * * LOW HITPOINT WARNING * * *
The spiny frog stings you.
* * * LOW HITPOINT WARNING * * *
The black mamba bites you but does no damage.
The black mamba bites you!
You die...

#..........##
###P#.#...#
#..#........#
####...P#
..+..........#
#.....## .
#.#..≈##..##
###.>P#
#P....###..P#
###.P## #..#..
#..## #.#.P#.
#..#.. ##..#
#....# ##
#..##≈..#
#..#....
#...F@S##
####+..P
#....Sw.#
#........
#....#Y#.#
#........
#######..?#
##....... #$.#
#........ ###
#........
##........
.......... .
+.......


You could see a torpor snail, 2 black mambas, a spiny frog and a dream sheep.

Vanquished Creatures
  Gastronok (Lair:3)
  Pikel (D:9)
  2 black mambas
  4 elephants (Lair:3)
  A guardian serpent (Lair:4)
  7 spiny frogs
  A rime drake (Lair:3)
  6 komodo dragons
  A troll (D:9)
  A polar bear (Lair:3)
  5 dream sheep (Lair:1)
  5 hippogriffs
  A bog body (Lair:2)
  3 basilisks
  12 yaks
  3 hogs (D:7)
  A human (D:7)
  The ghost of joo the Vexing, an amateur FeEn (D:5)
  Edmund (D:4)
  7 water moccasins
  15 porcupines
  3 black bears
  2 ice beasts (D:9)
  2 orc warriors
  Purgy (D:3)
  4 sky beasts
  2 phantoms
  2 slaves (D:9)
  7 ogres
  5 centaurs
  6 crocodiles
  3 big kobolds
  15 bullfrogs
  A water moccasin skeleton (D:8)
  5 scorpions
  3 killer bees (D:8)
  5 wights (D:7)
  6 howler monkeys
  4 crimson imps
  2 bullfrog zombies
  A jelly (D:7)
  7 hounds
  5 orc priests
  6 iguanas
  4 orc wizards
  3 worker ants
  2 hound skeletons
  8 mummies (Ossuary)
  A worker ant zombie (D:6)
  2 river rats (Sewer)
  18 adders
  2 shadow imps
  5 oozes
  2 adder zombies (D:8)
  4 adder skeletons
  A worm (D:3)
  A dart slug (D:3)
  5 leopard geckos
  42 orcs
  A ball python (D:1)
  6 giant cockroaches
  7 goblins
  6 hobgoblins
  11 jackals
  16 kobolds
  5 quokkas
  2 bats (D:3)
  A frilled lizard (D:5)
  3 gnoll zombies (Ossuary)
  3 kobold zombies (Ossuary)
  2 leopard gecko skeletons
  A leopard gecko zombie (D:7)
  2 orc zombies (Ossuary)
  A quokka skeleton (D:9)
  A quokka zombie (D:6)
  14 rats
  2 fungi
  2 plants (Lair:2)
362 creatures vanquished.

Vanquished Creatures (others)
  3 hydras
  2 ugly things (D:7)
  A black mamba (Lair:3)
  A worker ant zombie (D:9)
  A bush (Lair:3)
  18 fungi
  7 plants
33 creatures vanquished.

Grand Total: 395 creatures vanquished

Notes
Turn   | Place    | Note
-------+----------+-------------------------------------------
     0 | Abyss:1  | Gargoyl the Centaur Abyssal Knight began the quest for the
                  | Orb.
     0 | Abyss:1  | Reached XP level 1. HP: 19/19 MP: 2/2
    76 | Abyss:5  | Entered Level 5 of the Abyss
    88 | Abyss:5  | Noticed a ynoxinul
   101 | Abyss:5  | Noticed a thrashing horror
   104 | Abyss:5  | Noticed a thrashing horror
   105 | D:1      | Escaped the Abyss
   459 | D:1      | Reached * piety under Lugonu
   613 | D:1      | Reached XP level 2. HP: 21/26 MP: 3/3
  1345 | D:2      | Reached skill level 1 in Dodging
  1349 | D:2      | Reached XP level 3. HP: 31/31 MP: 4/4
  1881 | D:2      | Reached XP level 4. HP: 36/39 MP: 5/5
  2305 | D:3      | Reached ** piety under Lugonu
  2531 | D:4      | Reached XP level 5. HP: 16/46 MP: 7/7
  2563 | D:4      | HP: 2/46 [poisoned by a scorpion]
  2684 | D:4      | Found a sand-covered staircase.
  2693 | Ossuary  | Entered an ossuary
  3185 | Ossuary  | Reached XP level 6. HP: 6/52 MP: 8/8
  4153 | D:3      | Reached *** piety under Lugonu
  4841 | D:3      | Noticed Purgy
  4855 | D:3      | Killed Purgy
  4855 | D:3      | Reached XP level 7. HP: 46/59 MP: 9/9
  5361 | D:4      | Found a glowing silver altar of Zin.
  5362 | D:4      | Found an iron altar of Okawaru.
  5759 | D:5      | Entered Level 5 of the Dungeon
  5759 | D:5      | Noticed Edmund
  5932 | D:4      | Killed Edmund
  6142 | D:5      | Found a glowing drain.
  6157 | Sewer    | Entered a sewer
  6332 | Sewer    | Found a white marble altar of Elyvilon.
  6386 | D:5      | Reached **** piety under Lugonu
  6601 | D:5      | Reached XP level 8. HP: 50/67 MP: 10/10
  6853 | D:5      | Found a runed translucent gate.
  6853 | D:5      | Found a runed translucent gate.
  6859 | D:5      | Found a runed translucent gate.
  7044 | D:5      | Noticed joo's ghost (amateur FeEn)
  7444 | D:5      | Found a stormy altar of Qazlal.
  7523 | D:5      | Reached skill level 1 in Shields
  7624 | D:6      | Reached skill level 5 in Axes
  7998 | D:5      | Killed joo's ghost
  8419 | D:6      | Found a staircase to the Ecumenical Temple.
  8510 | D:6      | Got a shimmering chain mail
  8521 | D:6      | Identified the cursed +0 chain mail of Altruism {rElec rN+
                  | MR+ Str+4} (You found it on level 6 of the Dungeon)
  8857 | D:6      | Reached skill level 5 in Armour
  9374 | D:7      | Reached skill level 1 in Throwing
  9374 | D:7      | Reached XP level 9. HP: 39/73 MP: 12/12
  9556 | D:7      | Noticed a green ugly thing
  9559 | D:7      | Noticed a green ugly thing
  9975 | D:7      | Reached skill level 5 in Invocations
 10286 | D:7      | Reached skill level 5 in Fighting
 10993 | D:8      | Reached ***** piety under Lugonu
 11101 | D:8      | Gained mutation: You have supernaturally acute eyesight.
                  | (SInv) [potion of mutation]
 11101 | D:8      | Gained mutation: You are dopey. (Int -2) [potion of
                  | mutation]
 11101 | D:8      | Gained mutation: Your body sometimes deteriorates upon
                  | taking damage. [potion of mutation]
 11101 | D:8      | Gained mutation: Your skin changes colour to match your
                  | surroundings (Stealth+). [potion of mutation]
 11426 | D:7      | Banished a green ugly thing
 11431 | D:7      | Banished a green ugly thing
 11720 | D:7      | Reached XP level 10. HP: 58/81 MP: 14/14
 12247 | D:7      | Found a bloodstained altar of Trog.
 13500 | D:9      | Found a staircase to the Lair.
 14131 | D:9      | Found Orghuw's Assorted Antiques.
 14136 | D:9      | Bought a shiny silver ring for 155 gold pieces
 14137 | D:9      | Bought a runed cloak for 232 gold pieces
 14148 | D:9      | Bought a coral ring for 155 gold pieces
 14154 | D:9      | Noticed Pikel
 14178 | D:9      | Killed Pikel
 14329 | D:9      | Reached XP level 11. HP: 72/89 MP: 16/16
 14778 | D:9      | Reached skill level 5 in Dodging
 15039 | Lair:1   | Entered Level 1 of the Lair of Beasts
 16107 | Lair:1   | Noticed an oklob plant
 16522 | Lair:1   | Noticed a seven-headed hydra
 16530 | Lair:1   | Banished a seven-headed hydra
 18043 | Lair:2   | Noticed a seven-headed hydra
 18048 | Lair:2   | Banished a seven-headed hydra
 18133 | Lair:2   | Found a staircase to the Swamp.
 18533 | Lair:2   | HP: 4/89 [spiny frog (15)]
 20055 | Lair:3   | Reached XP level 12. HP: 23/97 MP: 18/18
 20453 | Lair:3   | Noticed Gastronok
 20551 | Lair:3   | Killed Gastronok
 21021 | Lair:3   | Found a shattered altar of Ashenzari.
 21063 | Lair:3   | HP: 3/97 [elephant (14)]
 22176 | Lair:4   | Found a staircase to the Snake Pit.
 22660 | Lair:4   | Noticed a four-headed hydra
 22665 | Lair:4   | Banished a four-headed hydra
 22666 | Lair:4   | Identified 4 scrolls of acquirement
 23649 | Lair:5   | Mangled by a black mamba

Skill      XL: |  1  2  3  4  5  6  7  8  9 10 11 12 |
---------------+-------------------------------------+-----
Axes           | 2 3 4 5 6 7 8 9 |  9.0
Dodging        | 1 2 3 4 5 6 |  6.6
Armour         | 2 3 4 5 6 7 8 9 |  9.6
Invocations    | 3 4 6 7 8 9 |  9.5
Fighting       | 4 5 6 7 |  7.1
Shields        | 1 2 3 4 |  4.6
Throwing       | 1 2 |  2.4

Action                   |  1- 3 |  4- 6 |  7- 9 | 10-12 || total
-------------------------+-------+-------+-------+-------++-------
Melee: Hand axe          |    73 |   184 |   497 |   605 ||  1359
       Kick              |    13 |    40 |   125 |   234 ||   412
       War axe           |       |       |       |    66 ||    66
       Broad axe         |       |       |       |    40 ||    40
Throw: Tomahawk          |       |     6 |    18 |    24 ||    48
Invok: Depart the Abyss  |     1 |       |       |       ||     1
       Banish            |       |       |     3 |    11 ||    14
  Use: Scroll            |     4 |     4 |     7 |    17 ||    32
       Potion            |       |     7 |     8 |     6 ||    21
  Eat: Chunk             |     2 |     4 |    15 |    18 ||    39
       Ration            |       |     1 |     2 |     5 ||     8
Armor: Leather armour    |    14 |       |       |       ||    14
       Plate armour      |    33 |   132 |   171 |       ||   336
       Skin              |       |    21 |       |       ||    21
       Chain mail        |       |       |   138 |   349 ||   487
Dodge: Dodged            |    19 |    19 |    52 |   160 ||   250
Block: Shield            |       |    16 |   191 |   320 ||   527
